 Dungeon Crawl Stone Soup version 0.28-b1-25-g9875b3fc8c (webtiles) character file.

Game seed: 5369051441578611511

48 guess the Skirmisher (level 3, -1/34 HPs)
             Began as a Minotaur Berserker on Feb 3, 2022.
             Was a Believer of Trog.
             Slain by a goblin (5 damage)
             ... led by Robin
             ... on level 1 of the Dungeon.
             The game lasted 00:09:18 (1388 turns).

guess the Skirmisher (Minotaur Berserker)           Turns: 1388, Time: 00:09:18

Health: -1/34      AC:  2    Str: 23    XL:     3   Next: 50%
Magic:  2/2        EV: 12    Int:  4    God:    Trog [**....]
Gold:   44         SH:  0    Dex:  9    Spells: 2/2 levels left

rFire   . . .      SeeInvis .   m - +4 hunting sling
rCold   . . .      Faith    .   (no shield)
rNeg    . . .      Spirit   .   b - +0 animal skin
rPois   .          Reflect  .   (helmet restricted)
rElec   .          Harm     .   (no cloak)
rCorr   .          Rampage  .   (no gloves)
Will    .....                   (no boots)
Stlth   +.........              (no amulet)
HPRegen 0.11/turn               (no ring)
MPRegen 0.08/turn               (no ring)

@: hasted, very quick
A: horns 2, retaliatory headbutt
a: Renounce Religion, Berserk, Trog's Hand


You were on level 1 of the Dungeon.
You worshipped Trog.
Trog was pleased with you.
You visited 1 branch of the dungeon, and saw 2 of its levels.

You collected 44 gold pieces.

Inventory:

Hand Weapons
 a - a +0 mace
 f - a +0 dagger
 j - a +0 club
 l - a +0 club
 m - a +4 hunting sling (weapon)
Armour
 b - a +0 animal skin (worn)
 g - a +0 chain mail
 h - a +0 ring mail
 i - a +0 chain mail
 k - a +0 pair of gloves
Scrolls
 d - a scroll of identify {unknown}
Potions
 c - a potion of haste
 e - a potion of magic {unknown}


   Skills:
 + Level 4.4 Fighting
 + Level 4.3 Maces & Flails
 + Level 2.7 Armour
 + Level 2.7 Dodging
 + Level 0.1 Stealth


You had 2 spell levels left.
You didn't know any spells.
Your spell library was empty.

Dungeon Overview and Level Annotations

Branches:
Dungeon (2/15)

Altars:

Annotations:
D:2 Robin


Innate Abilities, Weirdness & Mutations

You have a pair of horns on your head.
You reflexively headbutt those who attack you in melee.


Message History

The goblins go into a battle-frenzy!
The goblin hits you with a +0 club.
There is a stone staircase leading up here.
Really attack while wielding your +4 hunting sling? [Y]es or [N]o only, please.
Really attack while wielding your +4 hunting sling? [Y]es or [N]o only, please.
Really attack while wielding your +4 hunting sling?
You clumsily bash the goblin but do no damage.
The goblin closely misses you. You furiously retaliate!
You headbutt the goblin!
You kill the goblin!
Trog accepts your kill. The goblin hits you with a +0 club.
The hobgoblin barely misses you. The goblin closely misses you.
Things that are here:
a +0 club; a +0 club; a goblin corpse You clumsily bash the goblin but do no damage.
You punch the goblin.
The goblin is severely wounded.
The goblin barely misses you. The hobgoblin barely misses you.
The goblin hits you with a +0 dagger.
You clumsily bash the goblin but do no damage.
The goblin is severely wounded.
The goblin closely misses you. The hobgoblin barely misses you.
The goblin hits you with a +0 dagger.
* * * LOW HITPOINT WARNING * * *
Robin throws the goblin at you!
* * * LOW HITPOINT WARNING * * *
A goblin comes into view. It is wielding a +0 dagger.
The goblin shouts!
The hobgoblin hits you.
* * * LOW HITPOINT WARNING * * *
The goblin closely misses you.
There is a stone staircase leading up here.
You climb upwards.
There is a stone staircase leading down here.
You clumsily bash the goblin but do no damage.
The goblin hits you with a +0 club.
You die...

#.##.........#.......#..##....###
..###.....##.#.......#..##......#
###.......##.#########........#.#
#.......##.................##.#
#.......##########.........##.#
#....###### #####.........##.#
#.........# #g............##..
#####.....# #g###.........####
#.....# #@# #.........# # ####
#.....## #g# #.........# # ...#
#......# #.###.........#### ...#
#......###......########... ...#
#.............#.# #.## ...#
#.....#########.########.## ...#
###.### #........#..# ...# #.#
#..#####.#... ####
#.###########..#.........


You could see a hobgoblin (strong) and 2 goblins.

Vanquished Creatures
  An adder (D:2)
  A dart slug (D:1)
  7 bats (D:1)
  An endoplasm (D:1)
  A giant cockroach (D:1)
  8 goblins
  4 hobgoblins (D:1)
  A quokka (D:1)
  3 ball pythons (D:1)
  4 frilled lizards (D:1)
  2 rats (D:1)
33 creatures vanquished.

Notes
Turn   | Place    | Note
-------+----------+-------------------------------------------
     0 | D:1      | guess the Minotaur Berserker began the quest for the Orb.
     0 | D:1      | Reached XP level 1. HP: 19/19 MP: 0/0
   194 | D:1      | Reached XP level 2. HP: 27/27 MP: 1/1
   635 | D:1      | Reached ** piety under Trog
   859 | D:1      | Found a faded altar of an unknown god.
  1267 | D:2      | Reached XP level 3. HP: 31/34 MP: 2/2
  1304 | D:2      | Noticed Robin
  1388 | D:1      | Slain by a goblin

Illustrated notes

Levels and vault maps discovered:
D:1:      onia_arrival_pyramid, layout_basic,
          hellmonk_ecumenical_altar_inner_sanctum
D:2:      layout_rooms, hangedman_abyss_or_decor_lesser_grid, uniq_robin,
          uniq_sigmund

Skill      XL: |  1  2 |
---------------+-------+-----
Fighting       | 4 |  4.4
Maces & Flails | 4 |  4.3
Armour         | |  2.7
Dodging        | |  2.7
Stealth        | |  0.1

Action                   || total
-------------------------++-------
Melee: Mace              ||    50
       Headbutt          ||     5
       Punch             ||     2
       Hunting sling     ||     4
  Use: Potion            ||     1
Armor: Animal skin       ||    23
Dodge: Dodged            ||    66
